AoeStats
← CL83

QS Arena

503529507Analyzed
1v1 RM · 1mo ago on Sep 1, 2026· 63m 53s· 2 players
Game mode
Random Map
Map size
Tiny (2 player)
Population
200
Speed
Normal
Resources
Standard
Victory
Conquest
Starting age
Dark Age
Ending age
Imperial Age
RankedLock teamsTeams togetherTeam positionsShared explorationLock speedFull tech treeHidden civsTurbo modeCheats
Victory
Defeat
🇨🇦 Teutons · Canada
1078
+15
🇨🇴 Muisca · Colombia
1053
-15
jnasuf
8:27 Feudal Age
9:40 Double-Bit Axe
10:39 Horse Collar
13:34 Castle Age
11:34 Stone Mining
11:44 Gold Mining
13:06 Wheelbarrow
15:16 Bow Saw
16:09 Fervor
20:53 Loom
22:02 Heavy Plow
22:28 Treadmill Crane
24:15 Hand Cart
25:47 Fletching
26:19 Ballistics
25:55 Murder Holes
29:05 Imperial Age
26:43 Padded Archer Armor
26:35 Crossbowman
27:30 Thumb Ring
27:35 Bodkin Arrow
28:07 Herbalism
28:26 Leather Archer Armor
28:04 Town Watch
29:22 Masonry
29:20 Guard Tower
29:18 Arbalester
30:05 Bracer
30:40 Conscription
30:17 Pikeman
30:57 Squires
31:08 Forging
34:24 Chemistry
34:19 Champi Runner
35:00 Scale Mail Armor
35:35 Iron Casting
35:18 Huaracas
37:01 Two-Man Saw
35:37 Champi Warrior
36:35 Chain Mail Armor
37:34 Town Patrol
38:11 Stone Shaft Mining
38:11 Gold Shaft Mining
37:33 Elite Temple Guard
37:44 Elite Champi Warrior
40:24 Plate Mail Armor
44:51 Gold Shaft Mining
52:53 Crop Rotation
52:39 Elite Temple Guard
54:55 Keep
55:18 Hoardings
56:35 Huaracas
CL83
9:00 Feudal Age
9:16 Loom
10:00 Double-Bit Axe
11:05 Forging
12:57 Castle Age
13:59 Horse Collar
25:32 Imperial Age
23:30 Fletching
23:41 Padded Archer Armor
24:37 Wheelbarrow
24:28 Bodkin Arrow
24:29 Gold Mining
25:53 Hand Cart
25:25 Town Watch
26:31 Heavy Plow
27:10 Bow Saw
29:17 Ballistics
31:35 Two-Man Saw
30:22 Heavy Scorpion
32:24 Ironclad
33:19 Crenellations
34:59 Siege Engineers
35:13 Arrowslits
35:39 Fortified Wall
39:17 Chemistry
40:24 Masonry
40:36 Conscription
43:48 Bloodlines
44:41 Town Patrol
44:47 Town Patrol
46:00 Cavalier
47:32 Paladin
49:21 Scale Barding Armor
49:51 Iron Casting
49:38 Stone Mining
51:04 Crop Rotation
50:48 Elite Teutonic Knight
53:44 Scale Mail Armor
54:44 Blast Furnace
55:00 Stone Shaft Mining
Connection lost

Rejoining the realm…

Still unreachable

The connection could not be restored.

Session expired

The server has moved on; the page needs a fresh start.